 Dungeon Crawl Stone Soup version 0.17.1-2-g5865329 (webtiles) character file.

338 Gwarll the Grave Robber (level 6, -11/43 HPs)
             Began as a Human Necromancer on Jan 14, 2016.
             Was a Follower of Vehumet.
             Mangled by riffraff's ghost (14 damage)
             ... on level 4 of the Dungeon.
             The game lasted 00:31:18 (3595 turns).

Gwarll the Grave Robber (Human Necromancer)         Turns: 3595, Time: 00:31:18

Health: -11/43     AC:  3    Str: 10    XL:     6   Next: 85%
Magic:  0/11       EV: 13    Int: 15    God:    Vehumet [*.....]
Gold:   137        SH:  0    Dex: 14    Spells: 4 memorised, 3 levels left

rFire  . . .     SeeInvis .     v - +2 dagger (venom)
rCold  . . .     Clarity  .     a - +0 robe
rNeg   . . .     SustAt   .     (no shield)
rPois  .         Gourm    .     t - +0 helmet
rElec  .         Spirit   .     (no cloak)
rCorr  .         Warding  .     (no gloves)
rMut   .         Stasis   .     (no boots)
MR     .....                    (no amulet)
Stlth  ++........               (no ring)
                                (no ring)

@: very slightly contaminated, not resistant to hostile enchantments, unstealthy
A: no striking features
a: Renounce Religion


You were on level 4 of the Dungeon.
You worshipped Vehumet.
Vehumet was aware of your devotion.
You were not hungry.

You visited 1 branch of the dungeon, and saw 4 of its levels.

You collected 137 gold pieces.

Inventory:

Hand Weapons
 c - a +0 short sword of speed
 m - a +3 short sword
 u - a +1 mace of holy wrath
 v - a +2 dagger of venom (weapon)
Armour
 a - a +0 robe (worn)
 d - a +0 shield
 g - a +0 helmet
 s - a +0 plate armour
 t - a +0 helmet (worn)
Wands
 i - a wand of confusion (0)
 w - a wand of draining (3)
Scrolls
 e - 2 scrolls of recharging {unknown}
 f - a scroll of immolation {unknown}
 h - 2 scrolls of remove curse
 j - a scroll of magic mapping {unknown}
 k - a scroll of enchant weapon {unknown}
 l - a scroll of random uselessness {unknown}
 q - a scroll of teleportation
 x - a scroll of amnesia {unknown}
Potions
 n - 2 potions of agility
 o - 2 potions of flight
 z - a potion of haste {unknown}
 A - a potion of lignification {unknown}
Books
 b - a book of Necromancy

   Spells                             Type                      Level
   a - Pain                           Necromancy                   1
   b - Animate Skeleton               Necromancy                   1
   c - Vampiric Draining              Necromancy                   3
   d - Regeneration                   Charms/Necromancy            3
   e - Animate Dead                   Necromancy                   4
   f - Control Undead                 Necromancy                   4
Comestibles
 p - 2 slices of pizza
 r - a royal jelly
 B - a chunk of flesh


   Skills:
 + Level 1.3 Fighting
 + Level 0.8 Short Blades
 + Level 2.3 Armour
 + Level 2.4 Dodging
 + Level 2.3 Stealth
 + Level 1.7 Shields
 + Level 3.3 Spellcasting
 + Level 5.2 Necromancy
 + Level 0.6 Evocations


You had 3 spell levels left.
You knew the following spells:

 Your Spells              Type           Power        Failure   Level  Hunger
a - Pain                  Necr           ###.         1%          1    None
b - Animate Skeleton      Necr           N/A          1%          1    None
c - Vampiric Draining     Necr           ###.......   10%         3    ###....
d - Regeneration          Chrm/Necr      ##........   24%         3    ###....


Dungeon Overview and Level Annotations

Branches:
Dungeon (4/15)
 Temple: D:4-7

Altars:
Gozag
Vehumet
Yredelemnul

Shops:
D:2 *

Annotations:
D:4 Pikel; riffraff's ghost, amateur MiBe


Message History

Press: ? - help, Shift-Dir - straight line, f - slave, p - slave
Aim: a slave, wearing an animal skin The slave is moderately wounded.
You feel life coursing into your body. The slave completely misses you.
Casting: Vampiric Draining
Confirm with . or Enter, or press ? or * to list all spells.
You don't have enough magic to cast that spell.
Unknown command.
Riffraff's ghost (amateur Minotaur Berserker) comes into view.
Pikel scowls and wipes his hands on his robe.
Casting: Vampiric Draining
Confirm with . or Enter, or press ? or * to list all spells.
Aiming: Vampiric Draining
Press: ? - help, Shift-Dir - straight line, f/p - slave
Aim: a slave, wearing an animal skin (moderately wounded)
The slave is heavily wounded.
You feel life coursing into your body. The slave hits you!
* * * LOW HITPOINT WARNING * * *
Riffraff's ghost hits you!
You die...

#.#.# ###.#.#
#.....# #.#Z#.#
#### #.#.#.###..
# # #.......###
.## #Z#.......
... #Z#.##..# #..
#.#.##@.# #.#
#Z#.##W.#####.#
#Z#......Kp..# ##
#.........p.##
#.#
#.####..###p.##
##.#### #.......#
#.#.###....=.
#######.#
#.##.#..#####
#.###.###........
#......).).......


You could see Pikel, 2 slaves and riffraff's ghost.

Vanquished Creatures
  Duvessa (D:4)
  Dowan (D:4)
  An orc priest (D:3)
  A worker ant (D:4)
  Jessica (D:1)
  Terence (D:2)
  Robin (D:4)
  A worm (D:4)
  2 giant geckos
  5 orcs (D:3)
  2 giant cockroaches (D:1)
  8 goblins
  5 hobgoblins
  4 jackals (D:3)
  5 bats
  2 giant newts
  6 kobolds
  3 rats
50 creatures vanquished.

Vanquished Creatures (collateral kills)
  A giant gecko (D:3)
  3 orcs (D:3)
  A giant cockroach (D:2)
  4 goblins
  A quokka (D:4)
  A giant newt (D:2)
  A kobold (D:1)
12 creatures vanquished.

Grand Total: 62 creatures vanquished

Notes
Turn   | Place    | Note
--------------------------------------------------------------
     0 | D:1      | Gwarll the Human Necromancer began the quest for the Orb.
     0 | D:1      | Reached XP level 1. HP: 13/13 MP: 3/3
     2 | D:1      | Learned a level 1 spell: Animate Skeleton
   247 | D:1      | Reached XP level 2. HP: 14/19 MP: 3/5
   688 | D:2      | Noticed Jessica
   705 | D:1      | Killed Jessica
   705 | D:1      | Reached XP level 3. HP: 11/24 MP: 1/6
  1025 | D:2      | Found Gozag's Platinum Reserve.
  1059 | D:2      | Noticed Terence
  1068 | D:2      | Killed Terence
  1068 | D:2      | Reached XP level 4. HP: 25/30 MP: 1/8
  1149 | D:2      | Found an opulent altar of Gozag.
  1254 | D:2      | Your ally Terence died
  1256 | D:2      | Learned a level 3 spell: Vampiric Draining
  1260 | D:2      | Learned a level 3 spell: Regeneration
  1524 | D:2      | Found a radiant altar of Vehumet.
  1574 | D:2      | Became a worshipper of Vehumet
  1749 | D:3      | Reached skill level 5 in Necromancy
  1749 | D:3      | Reached XP level 5. HP: 26/35 MP: 9/9
  2222 | D:3      | Found a basalt altar of Yredelemnul.
  2445 | D:4      | Noticed Dowan
  2448 | D:4      | Noticed Duvessa
  2966 | D:4      | Killed Duvessa
  2966 | D:4      | Reached skill level 1 in Fighting
  2966 | D:4      | Reached skill level 1 in Armour
  2966 | D:4      | Reached skill level 1 in Shields
  2966 | D:4      | Reached XP level 6. HP: 11/43 MP: 10/10
  2977 | D:4      | Killed Dowan
  3049 | D:4      | Noticed Robin
  3050 | D:4      | Reached * piety under Vehumet
  3050 | D:4      | Offered knowledge of Flame Tongue by Vehumet.
  3063 | D:4      | Your ally Duvessa died
  3076 | D:4      | HP: 2/43 [Robin/enchanted short sword (12)]
  3081 | D:4      | Killed Robin
  3555 | D:4      | Noticed a slave
  3557 | D:4      | Noticed Pikel
  3557 | D:4      | Noticed a slave
  3558 | D:4      | Noticed a slave
  3560 | D:4      | Noticed a slave
  3568 | D:4      | Your ally Robin died
  3583 | D:4      | HP: 2/43 [slave[Pikel] (9)]
  3591 | D:4      | Noticed riffraff's ghost (amateur MiBe)
  3595 | D:4      | Mangled by riffraff's ghost

Action                   |  1- 3 |  4- 6 || total
-------------------------+-------+-------++-------
Melee: Whip              |    11 |       ||    11
       Mace              |       |    66 ||    66
       Short sword       |       |   104 ||   104
       Dagger            |       |    60 ||    60
 Cast: Pain              |    28 |     9 ||    37
       Animate Skeleton  |     7 |    17 ||    24
       Vampiric Draining |       |     3 ||     3
Evoke: Wand              |       |     3 ||     3
  Use: Potion            |       |     3 ||     3
       Scroll            |       |     4 ||     4
  Eat: Chunk             |     1 |     1 ||     2
       Bread ration      |       |     1 ||     1
       Meat ration       |       |     1 ||     1
